 Dungeon Crawl Stone Soup version 0.21.1-1-g345015f (webtiles) character file.

720 reaper779 the Conjurer (level 7, -3/36 HPs)
             Began as a Deep Elf Fire Elementalist on Feb 13, 2018.
             Was an Initiate of Vehumet.
             Slain by an orc warrior
             ... wielding a +0 short sword
              (8 damage)
             ... on level 6 of the Dungeon on Feb 14, 2018.
             The game lasted 00:14:02 (4139 turns).

reaper779 the Conjurer (Deep Elf Fire Elementalist) Turns: 4139, Time: 00:14:03

Health: -3/36      AC:  2    Str:  5    XL:     7   Next: 42%
Magic:  0/16       EV: 14    Int: 22    God:    Vehumet [......]
Gold:   152        SH:  0    Dex: 15    Spells: 0/16 levels left

rFire    + . .     SeeInvis .   t - staff of wizardry
rCold    x . .     Gourm    .   (no shield)
rNeg     . . .     Faith    .   a - +0 robe
rPois    .         Spirit   .   (no helmet)
rElec    .         Reflect  .   (no cloak)
rCorr    .         Harm     .   (no gloves)
MR       .....                  (no boots)
Stlth    ++........             (no amulet)
HPRegen  0.12/turn              d - ring of fire
MPRegen  0.15/turn              (no ring)

@: no status effects
A: no striking features
a: Renounce Religion


You were on level 6 of the Dungeon.
You worshipped Vehumet.
Vehumet was noncommittal.
You were not hungry.

You visited 2 branches of the dungeon, and saw 7 of its levels.

You collected 152 gold pieces.

Inventory:

Hand Weapons
 g - a +0 dagger
Missiles
 r - 7 poisoned needles
Armour
 a - a +0 robe (worn)
Magical Staves
 t - an uncursed staff of wizardry (weapon)
Jewellery
 d - a ring of fire (left hand)
 s - an uncursed ring of ice {unknown}
Scrolls
 e - a scroll of identify
 l - a scroll of teleportation
 m - a scroll of immolation
 o - a scroll of remove curse
 p - 2 scrolls of blinking
Potions
 f - a potion of agility
 h - 2 potions of brilliance
 i - a potion of mutation
 j - 2 potions of curing
 k - 3 potions of haste
 n - a potion of resistance
Comestibles
 c - 2 rations


   Skills:
 + Level 4.3 Dodging
 - Level 2.4 Stealth
 - Level 5.0 Spellcasting
 * Level 6.3 Conjurations
 - Level 5.3 Fire Magic


You couldn't memorise any spells.
You knew the following spells:

 Your Spells              Type           Power        Failure   Level  Hunger
a - Flame Tongue          Conj/Fire      #####        1%          1    None
b - Conjure Flame         Conj/Fire      #####...     1%          3    ##.....
c - Inner Flame           Hex/Fire       ####....     4%          3    ##.....
d - Sticky Flame          Conj/Fire      #####...     3%          4    ####...
e - Fireball              Conj/Fire      #####.....   11%         5    #####..


Dungeon Overview and Level Annotations

Branches:
Dungeon (6/15)             Temple (1/1) D:5

Altars:
Ashenzari
Cheibriados
Dithmenos
Elyvilon
Fedhas
Gozag
Hepliaklqana
Nemelex Xobeh
Okawaru
Qazlal
Trog
Uskayaw
Vehumet
Wu Jian
Xom
Yredelemnul
Zin
The Shining One


Message History

Confirm with . or Enter, or press ? or * to list all spells.
Aiming: Flame Tongue
Press: ? - help, Shift-Dir - straight line, f/p - orc warrior
Aim: an orc warrior, wielding a short sword and wearing a plate armour (almost dead)
You feel a surge of power!
The flame tongue misses the orc warrior.
The orc warrior barely misses you.
Casting: Flame Tongue
Confirm with . or Enter, or press ? or * to list all spells.
You don't have enough magic to cast that spell.
Unknown command.
Casting: Flame Tongue
Confirm with . or Enter, or press ? or * to list all spells.
Aiming: Flame Tongue
Press: ? - help, Shift-Dir - straight line, f/p - orc warrior
Aim: an orc warrior, wielding a short sword and wearing a plate armour (almost dead)
You feel a surge of power!
The flame tongue misses the orc warrior.
The orc warrior hits you with a short sword!
You die...

#.# ..... ####
###.# ..... #..
...# ...?#+# #.#
#..#
....#.####.#####..#
...........o......#
............#####.#
............#...#o#
/..<.().....#...@.#
..#.........###.###
. #.........# #.
#.........# #.
#.#+#+##+## #. #.#
#. #.# #. ..# ..


You could see an orc warrior.

Vanquished Creatures
  Menkaure (D:6)
  2 ogres
  The ghost of RustySpork the Digger, an amateur GrEE (D:3)
  A scorpion (D:5)
  A hound (D:4)
  A bullfrog skeleton (D:5)
  A jelly (D:5)
  A worker ant (D:5)
  Robin (D:3)
  3 gnolls (D:5)
  5 adders
  An adder skeleton (D:4)
  4 worms
  2 dart slugs
  3 leopard geckos
  3 orcs
  A ball python (D:2)
  6 giant cockroaches
  11 goblins
  12 hobgoblins
  6 jackals
  2 quokkas
  6 bats
  3 frilled lizards
  9 kobolds
  2 leopard gecko skeletons (D:4)
  5 rats
  A spectral orc (D:3)
95 creatures vanquished.

Notes
Turn   | Place    | Note
-------+----------+-------------------------------------------
     0 | D:1      | reaper779 the Deep Elf Fire Elementalist began the quest for the Orb.
     0 | D:1      | Reached XP level 1. HP: 10/10 MP: 6/6
   402 | D:1      | Reached XP level 2. HP: 15/15 MP: 7/9
   755 | D:2      | Reached XP level 3. HP: 19/19 MP: 8/11
   758 | D:2      | Reached skill level 5 in Spellcasting
  1205 | D:2      | Found a hazy altar of Hepliaklqana.
  1260 | D:3      | Reached skill level 2 in Conjurations
  1329 | D:3      | Reached XP level 4. HP: 24/24 MP: 11/13
  1406 | D:3      | Learned a level 3 spell: Conjure Flame
  1410 | D:3      | Learned a level 3 spell: Inner Flame
  1415 | D:3      | Learned a level 4 spell: Sticky Flame
  1455 | D:3      | Noticed Robin
  1466 | D:3      | Killed Robin
  1732 | D:3      | Found a basalt altar of Yredelemnul.
  2201 | D:3      | Noticed RustySpork's ghost (amateur GrEE)
  2213 | D:3      | Killed RustySpork's ghost
  2213 | D:3      | Reached skill level 3 in Conjurations
  2213 | D:3      | Reached XP level 5. HP: 25/28 MP: 5/14
  2677 | D:4      | Noticed an ogre
  2685 | D:4      | Killed an ogre
  2685 | D:4      | Reached skill level 4 in Conjurations
  2685 | D:4      | Reached skill level 5 in Fire Magic
  2685 | D:4      | Reached XP level 6. HP: 32/32 MP: 5/15
  3225 | D:5      | Entered Level 5 of the Dungeon
  3507 | D:5      | Reached skill level 5 in Conjurations
  3640 | D:5      | Found a staircase to the Ecumenical Temple.
  3645 | Temple   | Entered the Ecumenical Temple
  3654 | Temple   | Became a worshipper of Vehumet
  3830 | D:5      | Reached XP level 7. HP: 36/36 MP: 13/16
  3870 | D:5      | Learned a level 5 spell: Fireball
  4031 | D:5      | Noticed a hippogriff
  4110 | D:6      | Noticed Menkaure
  4113 | D:6      | Killed Menkaure
  4113 | D:6      | Reached skill level 6 in Conjurations
  4139 | D:6      | Slain by an orc warrior

Skill      XL: |  1  2  3  4  5  6  7 |
---------------+----------------------+-----
Spellcasting   | 4 5 |  5.0
Conjurations   | 2 3 4 5 6 |  6.3
Fire Magic     | 4 5 |  5.3
Dodging        | 3 4 |  4.3
Stealth        | |  2.4

Action                   |  1- 3 |  4- 6 |  7- 9 || total
-------------------------+-------+-------+-------++-------
Melee: Dagger            |       |    12 |       ||    12
 Cast: Flame Tongue      |    62 |   105 |     9 ||   176
       Conjure Flame     |       |     3 |       ||     3
       Inner Flame       |       |     1 |       ||     1
       Sticky Flame      |       |       |     3 ||     3
  Use: Scroll            |    10 |     3 |     1 ||    14
 Stab: Sleeping          |       |     4 |       ||     4
  Eat: Chunk             |     1 |     4 |       ||     5
       Ration            |       |     1 |     1 ||     2
Armor: Robe              |     2 |     5 |       ||     7
Dodge: Dodged            |     9 |    25 |     1 ||    35
